 Dungeon Sprint DCSS version 0.30-a0-223-gcb0039aa0c (webtiles) character file.

Game seed: 6187061385051986576

1143 rocky1 the Nimble (level 8, 0/65 HPs)
             Began as a Merfolk Gladiator on Oct 10, 2022.
             Was a Follower of Qazlal.
             Slain by a neqoxec (6 damage)
             ... in the Dungeon (Sprint II: "The Violet Keep of Menkaure").
             The game lasted 00:01:56 (353 turns).

rocky1 the Nimble (Merfolk Gladiator)                Turns: 353, Time: 00:01:56

Health: 0/65       AC:  4    Str: 14      XL:     8   Next: 37%
Magic:  12/12      EV: 19    Int:  0 (8)  God:    Qazlal [*.....]
Gold:   486        SH:  2    Dex: 17      Spells: 7/7 levels left

rFire   . . .      SeeInvis .    a - +0 long sword
rCold   . . .      Faith    .    (no shield)
rNeg    . . .      Spirit   .    b - +0 leather armour
rPois   .          Reflect  .    c - +0 helmet
rElec   .          Harm     .    (no cloak)
rCorr   .          Rampage  .    (no gloves)
Will    .....      NoTele   +    (no boots)
Stlth   ++........               (no amulet)
HPRegen 0.30/turn                (no ring)
MPRegen 0.13/turn                (no ring)

@: slowed, lost intelligence, unable to read, unable to drink, very slow
A: (nimble swimmer 2), mertail, inability to drink after injury 2
a: Renounce Religion


You were in the Dungeon.
You worshipped Qazlal.
Qazlal was aware of your devotion.
You visited 1 branch You collected 486 gold pieces.

Inventory:

Hand Weapons
 a - a +0 long sword (weapon)
Missiles
 d - 3 throwing nets (quivered)
 e - a javelin
Armour
 b - a +0 leather armour (worn)
 c - a +0 helmet (worn)
Scrolls
 k - a scroll of blinking
Potions
 f - a potion of curing
 g - a potion of heal wounds
 h - a potion of haste
 i - 2 potions of magic
 j - a potion of ambrosia {unknown}


   Skills:
 + Level 6.8 Fighting
 + Level 13.3 Long Blades
 - Level 4.2 Throwing
 + Level 2.7 Armour
 + Level 13.6 Dodging
 + Level 1.4 Stealth
 * Level 6.5 Invocations


You had 7 spell levels left.
You didn't know any spells.
Your spell library was empty.

Dungeon Overview and Level Annotations

Branches:
Dungeon (1/1)

Altars:
Cheibriados
Dithmenos
Elyvilon
Fedhas
Gozag
Hepliaklqana
Kikubaaqudgha
Makhleb
Nemelex Xobeh
Okawaru
Qazlal
Ru
Sif Muna
Trog
Uskayaw
Vehumet
Wu Jian
Xom
Yredelemnul
Zin
The Shining One
Jiyva
Lugonu

Shops:
D [(*==[[:??

Annotations:
D exclusion: obsidian statue


Innate Abilities, Weirdness & Mutations

((You are very nimble when in or above water. (Stealth+, EV+, Speed+++)))
Your lower body shifts to a powerful aquatic tail in water.
You sometimes lose the ability to drink potions when taking damage.


Message History

Qazlal accepts your kill. The neqoxec gestures at you.
Something tries to feed on your intellect!
You feel your intelligence returning.
Unknown command.
You barely miss the neqoxec. You block the neqoxec's attack.
Unknown command.
You slash the neqoxec!
The neqoxec is heavily wounded.
The neqoxec gestures at you.
Something tries to feed on your intellect!
You hit the neqoxec but do no damage.
The neqoxec is heavily wounded.
The neqoxec misses you.
You completely miss the neqoxec.
The neqoxec is heavily wounded.
The neqoxec barely misses you.
You barely miss the neqoxec.
The neqoxec is heavily wounded.
The neqoxec completely misses you.
You hit the neqoxec but do no damage.
The neqoxec is heavily wounded.
The neqoxec closely misses you.
You slash the neqoxec!
The neqoxec is severely wounded.
The neqoxec closely misses you.
You hit the neqoxec.
The neqoxec is severely wounded.
The neqoxec gestures at you.
Strange energies course through your body.
You lose the ability to drink potions when taking damage more often.
You hit the neqoxec.
The neqoxec is almost dead.
You block the neqoxec's attack.
You barely miss the neqoxec.
The neqoxec is almost dead.
You can drink potions again.
The neqoxec hits you.
You feel threatened and lose the ability to drink potions!
You die...

#~## .. ########~~#+++#+
#######~~~..... ......#~~~~.#
..⌠...#~~~~### ##.### .###
.∩.∩..#~~~~#..##.# ...# ...#
∩.∩.∩.#~~####.3.# #..## #..#
...∩.∩#~##.###3# .##..# +^.#
∩...∩.#~#...##@##B..#..# #..#
.....∩+~')#.'.<.+# +..### ..##
......#~#†..##.##B..#....###...
▓▓▓▓###~##.###÷## .##....§.~~~~
G######~~####...####~~.....~#'#
h# ##~~~#..#..#~~~~~§~§.~#..
#'#~##.#.##~~~~~~~~.~#..
#.#~~##'##~~~≈≈≈~§~~~#..
####~~~~~~~~~~≈≈≈§§~~#..


You could see 2 neqoxecs.

Vanquished Creatures
  A merfolk siren (D)
  A blink frog (D)
  Menkaure (D)
  2 neqoxecs (D)
  4 necrophages (D)
9 creatures vanquished.

Vanquished Creatures (others)
  A water moccasin (D)
1 creature vanquished.

Grand Total: 10 creatures vanquished

Notes
Turn   | Place    | Note
-------+----------+-------------------------------------------
     0 | D        | rocky1 the Merfolk Gladiator began the quest for the Orb.
     0 | D        | Reached XP level 1. HP: 16/16 MP: 1/1
     1 | D        | Noticed a boulder beetle
     1 | D        | Noticed a boulder beetle
     4 | D        | Noticed a necrophage
     4 | D        | Noticed a necrophage
     4 | D        | Noticed a necrophage
     4 | D        | Noticed a necrophage
     9 | D        | Killed a necrophage
    10 | D        | Reached XP level 2. HP: 24/24 MP: 2/2
    10 | D        | Reached XP level 3. HP: 29/29 MP: 3/3
    10 | D        | Reached XP level 4. HP: 35/35 MP: 4/4
    11 | D        | Killed a necrophage
    12 | D        | Reached XP level 5. HP: 42/42 MP: 5/5
    28 | D        | Reached skill level 10 in Dodging
    28 | D        | Reached XP level 6. HP: 12/50 MP: 6/6
    44 | D        | Killed a water moccasin
   149 | D        | Noticed an obsidian statue
   159 | D        | Found a snail-covered altar of Cheibriados.
   159 | D        | Found a hazy altar of Hepliaklqana.
   160 | D        | Found a shadowy altar of Dithmenos.
   160 | D        | Found a viscous altar of Jiyva.
   160 | D        | Found a stormy altar of Qazlal.
   161 | D        | Found a white marble altar of Elyvilon.
   161 | D        | Found an ancient bone altar of Kikubaaqudgha.
   161 | D        | Found a sacrificial altar of Ru.
   162 | D        | Found a blossoming altar of Fedhas.
   162 | D        | Found a corrupted altar of Lugonu.
   162 | D        | Found a shimmering blue altar of Sif Muna.
   162 | D        | Found an ornate altar of the Wu Jian Council.
   163 | D        | Found a burning altar of Makhleb.
   163 | D        | Found an opulent altar of Gozag.
   163 | D        | Found a bloodstained altar of Trog.
   163 | D        | Found a shimmering altar of Xom.
   166 | D        | Found a sparkling altar of Nemelex Xobeh.
   166 | D        | Found a hide-covered altar of Uskayaw.
   167 | D        | Found a basalt altar of Yredelemnul.
   168 | D        | Found an iron altar of Okawaru.
   168 | D        | Found a radiant altar of Vehumet.
   168 | D        | Found a glowing silver altar of Zin.
   169 | D        | Found a glowing golden altar of the Shining One.
   178 | D        | Became a worshipper of Qazlal Stormbringer
   203 | D        | Found Beas's Magic Scroll Emporium.
   205 | D        | Found Afizarie's Book Shoppe.
   207 | D        | Found Kujim's Antique Armour Emporium.
   209 | D        | Found Waonniall's Jewellery Shoppe.
   210 | D        | Found Wogimiob's Antique Armour Emporium.
   211 | D        | Found Sorghuepu's Jewellery Shoppe.
   211 | D        | Found Faihasmy's General Store.
   212 | D        | Found Onump's Antique Weapon Shoppe.
   212 | D        | Found Murchap's Magic Scroll Shoppe.
   212 | D        | Found Beocrac's Antique Armour Emporium.
   213 | D        | Noticed a black bear
   216 | D        | Noticed Menkaure
   216 | D        | Noticed a black bear
   218 | D        | Noticed a flying skull
   219 | D        | Noticed a flying skull
   220 | D        | Noticed a flying skull
   220 | D        | Noticed a flying skull
   221 | D        | Noticed a flying skull
   222 | D        | Killed Menkaure
   223 | D        | Reached skill level 5 in Fighting
   223 | D        | Reached skill level 10 in Long Blades
   223 | D        | Reached skill level 1 in Armour
   225 | D        | Noticed a black bear
   228 | D        | Noticed a great orb of eyes
   229 | D        | Noticed a merfolk siren
   238 | D        | Killed a merfolk siren
   239 | D        | Reached skill level 5 in Invocations
   239 | D        | Reached XP level 7. HP: 58/58 MP: 7/10
   245 | D        | Noticed a blink frog
   263 | D        | Killed a blink frog
   263 | D        | Reached * piety under Qazlal
   264 | D        | Reached XP level 8. HP: 59/65 MP: 9/12
   316 | D        | Reached skill level 1 in Stealth
   336 | D        | Lost intelligence.
   338 | D        | Gained mutation: You occasionally lose the ability to drink
                  | potions when taking damage. [a neqoxec]
   342 | D        | HP: 3/65 [neqoxec (10)]
   351 | D        | Gained mutation: You sometimes lose the ability to drink
                  | potions when taking damage. [a neqoxec]
   353 | D        | Slain by a neqoxec

Illustrated notes

Levels and vault maps discovered:
D:        the_violet_keep_of_menkaure [sprint2_stairs_cluster_1,
          sprint2_shoproom, sprint2_temple, sprint2_basic_supplies,
          sprint2_obstacle_3, sprint2_obstacle_6, sprint2_obstacle_1,
          sprint2_obstacle_7, sprint2_obstacle_5, sprint2_timed_cluster_1,
          sprint2_smallroom_cluster_1, sprint2_smallroom_final_cluster_1,
          sprint2_transparent_cluster_1, sprint2_second_timed_cluster_1,
          sprint2_sniper_area_1, sprint2_heavy_combat_area_1,
          sprint2_mutation_trap_area_1, sprint2_forest_area_1,
          sprint2_light_combat_area_1, sprint2_behind_water_1,
          sprint2_near_end_vault_1]

Skill      XL: |  1  2  3  4  5  6  7  8 |
---------------+-------------------------+-----
Fighting       | 3 4 6 |  6.8
Long Blades    | 6 8 9 12 13 | 13.3
Throwing       | 3 4 |  4.2
Dodging        | 7 8 10 12 13 | 13.6
Armour         | 2 |  2.7
Invocations    | 5 6 |  6.5
Stealth        | 1 |  1.4

Action                   |  1- 3 |  4- 6 |  7- 9 || total
-------------------------+-------+-------+-------++-------
Melee: Long sword        |     4 |    27 |    48 ||    79
       Tailslap          |       |       |     1 ||     1
  Use: Potion            |     1 |       |       ||     1
 Stab: Sleeping          |       |       |     1 ||     1
Armor: Leather armour    |     1 |     4 |     3 ||     8
Dodge: Dodged            |       |     9 |    23 ||    32
Block: Other             |       |       |     2 ||     2

Table legend: (Time is in decaauts)
 A = Elapsed time spent in this place.
 B = Non-inter-level travel time spent in this place.
 C = Inter-level travel time spent in this place.
 D = Time resting spent in this place.
 E = Time spent auto-exploring this place.
 F = Levels seen in this place.
 G = Mean time per level.
                   A        B        C        D        E       F      G
               +--------+--------+--------+--------+--------+-----+--------+
         Total |    320 |    320 |      0 |    125 |      0 |   1 |  320.0 |
       Dungeon |    320 |    320 |      0 |    125 |      0 |   1 |  320.0 |
               +--------+--------+--------+--------+--------+-----+--------+

Top non-repeatable levels by time:
       D: 320 daAuts
